 Dungeon Crawl Stone Soup version 0.19.5 (webtiles) character file.

108 greprep the Sneak (level 4, -5/21 HPs)
             Began as a Spriggan Enchanter on May 7, 2017.
             Killed by nerve-wracking pain
             ... invoked by an orc priest
              (8 damage)
             ... on level 3 of the Dungeon.
             The game lasted 00:07:15 (2669 turns).

greprep the Sneak (Spriggan Enchanter)              Turns: 2669, Time: 00:07:15

Health: -5/21      AC:  3    Str:  4    XL:     4   Next: 58%
Magic:  4/9        EV: 20    Int: 16    God:
Gold:   197        SH:  0    Dex: 22    Spells: 2 memorised, 6 levels left

rFire  . . .     SeeInvis +     a - +1 dagger
rCold  . . .     Gourm    .     b - +1 robe
rNeg   . . .     Faith    .     (shield restricted)
rPois  .         Spirit   .     (helmet restricted)
rElec  .         Reflect  .     (no cloak)
rCorr  .         Harm     .     (gloves unavailable)
MR     .....                    (boots unavailable)
Stlth  ++++......               (no amulet)
                                (no ring)
                                j - +5 ring of dexterity

@: very quick
A: unfitting armour, see invisible, herbivore 3, speed 3, slow metabolism 2
a: no special abilities


You were on level 3 of the Dungeon.
You were not hungry.

You visited 1 branch of the dungeon, and saw 3 of its levels.

You collected 197 gold pieces.

Inventory:

Hand Weapons
 a - a +1 dagger (weapon)
Armour
 b - a +1 robe (worn)
Jewellery
 j - a +5 ring of dexterity (left hand)
Scrolls
 e - 3 scrolls of identify {unknown}
 l - 2 scrolls of random uselessness {unknown}
Potions
 f - 3 potions of curing {unknown}
 g - a potion of heal wounds {unknown}
 h - a potion of might {unknown}
 i - 2 potions of degeneration {unknown}
Books
 c - a book of Maledictions

   Spells                             Type                      Level
   a - Corona                         Hexes                        1
   b - Ensorcelled Hibernation        Hexes/Ice                    2
   c - Confuse                        Hexes                        3
   d - Tukima's Dance                 Hexes                        3
   e - Dazzling Spray                 Conjuration/Hexes            3
Comestibles
 d - 2 royal jellies
 k - a bread ration


   Skills:
 + Level 0.7 Fighting
 + Level 1.7 Short Blades
 + Level 3.9 Dodging
 + Level 5.9 Stealth
 + Level 3.2 Spellcasting
 + Level 4.3 Hexes
 + Level 0.2 Ice Magic


You had 6 spell levels left.
You knew the following spells:

 Your Spells              Type           Power        Failure   Level  Hunger
a - Corona                Hex            ###....      3%          1    None
b - Ensorcelled Hibernat  Hex/Ice        ##....       12%         2    ##.....


Dungeon Overview and Level Annotations

Branches:
Dungeon (3/15)

Altars:
Cheibriados
Elyvilon
Gozag
Zin
The Shining One


Innate Abilities, Weirdness & Mutations

You are very small and have problems with some larger weapons.
You are too small for most types of armour.
You have supernaturally acute eyesight. (SInv)
You are a herbivore.
You cover ground extremely quickly.
You need consume almost no food.


Message History

The orc priest is lightly wounded.
The orc completely misses you. The orc barely misses you.
Casting: Ensorcelled Hibernation
Confirm with . or Enter, or press ? or * to list all spells.
Aiming: Ensorcelled Hibernation
Press: ? - help, Shift-Dir - straight line, f/p - orc
Aim: an orc, wielding a trident and wearing a ring mail (chance to defeat MR: 59%)
The orc priest resists with some effort.
The orc priest hits you with a flail! The orc hits you but does no damage.
You hit the orc priest.
The orc priest is lightly wounded.
The orc priest closely misses you.
An orc is nearby!
The orc priest mumbles some strange prayers to Beogh against you.
Beogh smites you!
* * * LOW HITPOINT WARNING * * *
The orc priest invokes the aid of Beogh against you.
Pain shoots through your body!
You die...

#.#.#.#.#.#.#.#.#
................## #
.#.#.#.#.#.#†#.#.####>#
......................#
#.#.#.#.#.#.#.#.#..###
...................#
#.#.#.#.#.#.#..##
..............#
#.#.#.#.#.#o@##
.........o..#
.#.#.#.#o#.###
.........o##
#.#.#.#)#.# ...[..(o.##
.#.#.#.#.# .... ...##
... ####


You could see an orc priest and 3 orcs.

Vanquished Creatures
  3 adders (D:2)
  An ooze (D:1)
  4 worms (D:2)
  2 dart slugs
  3 leopard geckos
  An orc (D:3)
  A ball python (D:1)
  4 bats
  2 giant cockroaches
  8 goblins
  7 hobgoblins
  3 jackals (D:2)
  4 kobolds
  A quokka (D:2)
  5 frilled lizards
  7 rats
56 creatures vanquished.

Notes
Turn   | Place    | Note
-------+----------+-------------------------------------------
     0 | D:1      | greprep the Spriggan Enchanter began the quest for the Orb.
     0 | D:1      | Reached XP level 1. HP: 9/9 MP: 5/5
   186 | D:1      | Reached XP level 2. HP: 8/13 MP: 4/6
   293 | D:1      | Learned a level 2 spell: Ensorcelled Hibernation
   811 | D:1      | Reached skill level 5 in Stealth
   891 | D:1      | Reached XP level 3. HP: 14/16 MP: 8/8
  1325 | D:2      | Found an opulent altar of Gozag.
  2032 | D:2      | Found a snail-covered altar of Cheibriados.
  2032 | D:2      | Found a white marble altar of Elyvilon.
  2034 | D:2      | Reached XP level 4. HP: 21/21 MP: 9/9
  2040 | D:2      | Found a glowing silver altar of Zin.
  2118 | D:2      | Found a glowing golden altar of the Shining One.
  2669 | D:3      | Killed from afar by an orc priest

Skill      XL: |  1  2  3 |
---------------+----------+-----
Stealth        | 5 |  5.9
Hexes          | 4 |  4.3
Spellcasting   | 3 |  3.2
Fighting       | |  0.7
Short Blades   | |  1.7
Dodging        | |  3.9
Ice Magic      | |  0.2

Action                   |  1- 3 |  4- 6 || total
-------------------------+-------+-------++-------
Melee: Dagger            |   158 |    28 ||   186
 Cast: Corona            |     2 |       ||     2
       Ensorcelled Hiber |    24 |    12 ||    36
 Stab: Sleeping          |    26 |    11 ||    37
  Eat: Bread ration      |     1 |       ||     1
Armor: Robe              |    17 |     2 ||    19
Dodge: Dodged            |   150 |    17 ||   167
